 Dungeon Crawl Stone Soup version 0.22-a0-3-g4fa69d9 (webtiles) character file.

215 FRamirez the Chopper (level 5, -1/48 HPs)
             Began as a Minotaur Berserker on Jan 1, 2018.
             Was a Priest of Trog.
             Slain by an adder (3 damage)
             ... on level 3 of the Dungeon.
             The game lasted 00:11:11 (1247 turns).

FRamirez the Chopper (Minotaur Berserker)           Turns: 1247, Time: 00:11:11

Health: -1/48      AC:  8    Str: 23    XL:     5   Next: 60%
Magic:  4/4        EV: 11    Int:  4    God:    Trog [***...]
Gold:   35         SH:  0    Dex:  9    Spells: 4/4 levels left

rFire    . . .     SeeInvis .   m - +4 hand axe
rCold    . . .     Gourm    .   (no shield)
rNeg     . . .     Faith    .   f - +1 scale mail
rPois    +         Spirit   .   (helmet restricted)
rElec    .         Reflect  .   (no cloak)
rCorr    .         Harm     .   (no gloves)
MR       .....     Rnd*Tele +   (no boots)
Stlth    ..........             (no amulet)
HPRegen  0.16/turn              h - ring of poison resistance
MPRegen  0.09/turn              q - ring of teleportation (curse)

@: lethally poisoned (-1 -> -2), slowed, very slow
A: retaliatory headbutt, horns 2
a: Berserk, Trog's Hand, Burn Spellbooks, Renounce Religion


You were on level 3 of the Dungeon.
You worshipped Trog.
Trog was most pleased with you.
You were not hungry.

You visited 1 branch of the dungeon, and saw 3 of its levels.

You collected 35 gold pieces.

Inventory:

Hand Weapons
 a - a +1 hand axe
 m - a +4 hand axe (weapon)
Armour
 f - a +1 scale mail (worn)
Jewellery
 h - a ring of poison resistance (left hand)
 q - a cursed ring of teleportation (right hand)
Wands
 j - a wand of paralysis (11)
 k - a wand of scattershot (6)
Scrolls
 d - 2 scrolls of identify
 i - a scroll of teleportation
 n - 3 scrolls of enchant weapon
Potions
 b - a potion of curing
 g - 2 potions of cancellation
 l - a potion of flight {unknown}
 p - a potion of lignification {unknown}
Comestibles
 c - 2 rations


   Skills:
 + Level 5.0 Fighting
 + Level 5.5 Axes
 + Level 4.1 Armour
 + Level 2.9 Dodging


You had 4 spell levels left.
You didn't know any spells.

Dungeon Overview and Level Annotations

Branches:
Dungeon (3/15)

Altars:
Qazlal


Innate Abilities, Weirdness & Mutations

You reflexively headbutt those who attack you in melee.
You have a pair of horns on your head.


Message History

The orc hits you with a club.
* * * LOW HITPOINT WARNING * * *
The adder closely misses you. The orc closely misses you.
You are too injured to fight recklessly!
You slash the orc!
You kill the orc!
Trog accepts your kill.
You hit the orc. You closely miss the adder.
You feel sick. The adder bites you but does no damage.
The orc hits you with a short sword.
* * * LOW HITPOINT WARNING * * *
The orc priest barely misses you. The adder bites you but does no damage.
You barely miss the orc. You headbutt the orc.
The orc is heavily wounded.
You closely miss the adder. You hit the orc wizard.
You closely miss the orc priest. You closely miss the orc.
The orc wizard hits you but does no damage.
You are electrocuted!
* * * LOW HITPOINT WARNING * * *
The adder bites you.
You die...

.....(.. ....
....... ...#
.....##...## #.
#...........
#.##...........
.......o.......
##
##...ooS......
..#..#.o@o.)..#
.#.<..#.(....##
#..........###
..##....###
##..### #...##
#.#..## #
.#.##.†##.#
........<..#


You could see 2 orc priests, an orc wizard, an adder and 2 orcs.

Vanquished Creatures
  A bullfrog (D:3)
  A hound (D:3)
  4 adders
  2 oozes (D:1)
  A worm (D:2)
  3 dart slugs
  A leopard gecko (D:2)
  5 orcs (D:3)
  5 bats
  4 giant cockroaches
  10 goblins
  7 hobgoblins
  3 quokkas (D:2)
  3 frilled lizards
  7 kobolds
  4 rats
61 creatures vanquished.

Notes
Turn   | Place    | Note
-------+----------+-------------------------------------------
     0 | D:1      | FRamirez the Minotaur Berserker began the quest for the Orb.
     0 | D:1      | Reached XP level 1. HP: 19/19 MP: 0/0
   115 | D:1      | Reached XP level 2. HP: 24/27 MP: 1/1
   323 | D:1      | Reached ** piety under Trog
   418 | D:1      | Reached XP level 3. HP: 33/34 MP: 2/2
   858 | D:2      | Reached XP level 4. HP: 25/41 MP: 3/3
  1017 | D:2      | Found a stormy altar of Qazlal.
  1223 | D:3      | Noticed a bullfrog
  1229 | D:3      | Killed a bullfrog
  1229 | D:3      | Reached skill level 5 in Axes
  1229 | D:3      | Reached XP level 5. HP: 34/47 MP: 4/4
  1239 | D:3      | Reached *** piety under Trog
  1244 | D:3      | Reached skill level 5 in Fighting
  1247 | D:3      | HP: 2/48 [orc wizard/dagger of electrocution (8)]
  1247 | D:3      | Slain by an adder

Vault maps used:
D:1:      dpeg_arrival_arbitrary_a
D:2:      old_standard_altar, minmay_liquid_box
D:3:      demons_altar, nrook_uturn, kennysheep_potato

Skill      XL: |  1  2  3  4  5 |
---------------+----------------+-----
Fighting       | 4 5 |  5.0
Axes           | 4 5 |  5.5
Armour         | 3 4 |  4.1
Dodging        | |  2.9

Action                   |  1- 3 |  4- 6 || total
-------------------------+-------+-------++-------
Melee: Hand axe          |   106 |    34 ||   140
       Headbutt          |    16 |     6 ||    22
  Use: Scroll            |     5 |     1 ||     6
       Potion            |       |     1 ||     1
  Eat: Chunk             |       |     1 ||     1
Armor: Scale mail        |    41 |    22 ||    63
Dodge: Dodged            |    49 |    33 ||    82

Table legend:
 A = Spawn XP
 B = Non-spawn XP
 C = Spawn XP percentage of total XP
 D = Spawn monster count
 E = Non-spawn monster count
 F = Spawn count percentage of total count
 G = Total turns spent on level
                    A         B        C        D         E        F      G
               +---------+---------+-------+---------+---------+-------+---------
         Total |       0 |     308 |   0.0 |       0 |      61 |   0.0 |  1247
               +---------+---------+-------+---------+---------+-------+---------
           D:1 |       0 |      50 |   0.0 |       0 |      22 |   0.0 |   541
           D:2 |       0 |      87 |   0.0 |       0 |      29 |   0.0 |   682
           D:3 |       0 |     171 |   0.0 |       0 |      10 |   0.0 |    24
               +---------+---------+-------+---------+---------+-------+---------
